AoeStats
← zack

Hill Fort

505649375Analyzed
4v4 RM · 2mo ago on Sep 10, 2026· 53m 58s· 8 players
Game mode
Random Map
Map size
Large (8 player)
Population
200
Speed
Normal
Resources
Standard
Victory
Conquest
Starting age
Dark Age
Ending age
Imperial Age
RankedLock teamsTeams togetherTeam positionsShared explorationLock speedFull tech treeHidden civsTurbo modeCheats
Victory
Defeat
🇨🇳 Persians · China
1139
+14
🇨🇳 Georgians · China
1090
+16
🇨🇭 Mongols · Switzerland
1088
+16
🇨🇭 Saracens · Switzerland
1070
+17
vs
🇨🇳 Japanese · China
1286
-22
🇪🇸 Franks · Spain
1121
-17
🇭🇰 Khmer · Hong Kong SAR China
1096
-16
🇨🇳 Ethiopians · China
896
-8
741760246
12:55 Feudal Age
22:26 Castle Age
21:12 Gold Mining
21:12 Stone Mining
24:18 Double-Bit Axe
26:58 Bow Saw
29:39 Padded Archer Armor
29:29 Fletching
29:56 Arson
30:57 Crossbowman
33:33 Gold Shaft Mining
33:00 Stone Mining
34:30 Bodkin Arrow
39:37 Imperial Age
38:09 Leather Archer Armor
38:06 Thumb Ring
40:32 Leather Archer Armor
41:02 Bracer
41:10 Squires
41:14 Scale Mail Armor
41:27 Forging
45:02 Two-Man Saw
43:40 Arbalester
51:07 Ring Archer Armor
51:14 Iron Casting
50:54 Chain Mail Armor
51:10 Conscription
52:43 Ballistics
53:23 Chemistry
虫
13:00 Feudal Age
18:00 Castle Age
16:02 Horse Collar
18:09 Double-Bit Axe
20:56 Wheelbarrow
22:04 Stone Mining
22:05 Gold Mining
22:36 Bow Saw
23:23 Loom
23:43 Heavy Plow
24:21 Gold Shaft Mining
24:22 Stone Shaft Mining
27:40 Hand Cart
28:47 Fortified Wall
33:45 Imperial Age
31:08 Town Watch
33:06 Town Patrol
38:15 Crop Rotation
38:27 Husbandry
38:37 Bloodlines
37:48 Elite Battle Elephant
39:00 Scale Barding Armor
39:05 Forging
40:17 Conscription
39:57 Double Crossbow
40:00 Tusk Swords
41:00 Chain Barding Armor
41:16 Iron Casting
42:31 Caravan
43:02 Coinage
43:30 Plate Barding Armor
43:56 Blast Furnace
46:17 Double Crossbow
45:39 Elite Ballista Elephant
46:59 Siege Engineers
47:15 Ballistics
47:55 Chemistry
46:54 Murder Holes
50:03 Padded Archer Armor
PILLOSAURIO
11:32 Feudal Age
13:07 Loom
16:07 Castle Age
15:18 Double-Bit Axe
17:17 Bow Saw
20:01 Gold Mining
23:17 Wheelbarrow
26:19 Gold Shaft Mining
26:01 Scale Barding Armor
26:22 Husbandry
29:12 Forging
29:37 Town Watch
30:40 Chain Barding Armor
30:23 Stone Mining
31:01 Hand Cart
31:12 Town Patrol
36:12 Imperial Age
34:34 Fortified Wall
35:56 Padded Archer Armor
35:47 Fletching
36:09 Elite Skirmisher
37:06 Leather Archer Armor
37:47 Iron Casting
37:14 Cavalier
37:54 Light Cavalry
39:06 Ballistics
39:47 Chemistry
44:02 Bodkin Arrow
45:56 Blast Furnace
45:32 Plate Barding Armor
44:41 Paladin
48:06 Scale Mail Armor
47:27 Pikeman
48:07 Squires
49:57 Halberdier
Haogury
10:47 Feudal Age
9:47 Loom
11:26 Double-Bit Axe
11:43 Loom
15:59 Fishing Lines
21:25 Castle Age
19:39 Gold Mining
20:26 Stone Mining
20:59 Scale Mail Armor
21:10 Forging
22:49 Wheelbarrow
22:09 Gillnets
22:32 Bow Saw
23:19 Chain Mail Armor
23:39 Iron Casting
24:12 Gold Shaft Mining
23:28 Town Watch
23:59 Squires
25:25 Iron Casting
26:51 Arson
29:31 Pikeman
30:55 Yasama
32:20 Hand Cart
32:49 Fletching
35:50 Imperial Age
33:38 Treadmill Crane
34:46 Guard Tower
36:17 Bodkin Arrow
36:57 Conscription
36:26 Elite Samurai
38:26 Blast Furnace
37:32 Halberdier
40:47 Chemistry
40:27 Keep
39:38 Arrowslits
40:15 Ballistics
40:06 Masonry
40:04 Bracer
40:55 Plate Mail Armor
47:00 Murder Holes
48:43 Two-Man Saw
[H A R D] wiealtesBROT
7:18 Loom
13:25 Feudal Age
14:45 Horse Collar
15:52 Double-Bit Axe
19:39 Castle Age
20:40 Bow Saw
20:31 Heavy Plow
20:42 Caravan
24:57 Wheelbarrow
24:14 Gold Mining
25:44 Stone Mining
29:33 Scale Barding Armor
29:38 Forging
29:19 Fletching
30:20 Hand Cart
29:50 Town Watch
30:54 Gold Shaft Mining
31:10 Chain Barding Armor
34:18 Imperial Age
32:37 Bloodlines
32:29 Husbandry
31:54 Light Cavalry
32:28 Treadmill Crane
32:59 Murder Holes
34:01 Iron Casting
33:23 Bodkin Arrow
35:48 Coinage
35:58 Conscription
36:49 Two-Man Saw
36:57 Plate Barding Armor
37:23 Blast Furnace
36:05 Elite Mameluke
36:35 Hussar
38:41 Chemistry
38:47 Siege Engineers
39:53 Hoardings
42:53 Bracer
[H A R D] est
10:33 Feudal Age
11:31 Double-Bit Axe
17:00 Castle Age
18:12 Loom
18:44 Bow Saw
21:10 Caravan
24:15 Wheelbarrow
24:04 Horse Collar
26:54 Stone Mining
28:01 Hand Cart
27:33 Town Watch
28:31 Fletching
30:53 Bodkin Arrow
34:58 Bloodlines
34:48 Husbandry
35:45 Padded Archer Armor
40:07 Imperial Age
38:04 Gold Mining
38:48 Leather Archer Armor
40:16 Ballistics
41:23 Bracer
42:27 Chemistry
41:52 Conscription
41:47 Elite Mangudai
49:50 Thumb Ring
50:11 Parthian Tactics
54:43 Drill
Longlonglong
12:25 Feudal Age
16:30 Castle Age
20:51 Double-Bit Axe
23:26 Horse Collar
28:24 Gold Mining
28:26 Stone Mining
29:35 Heavy Plow
29:49 Bow Saw
31:23 Gold Shaft Mining
31:25 Stone Shaft Mining
31:55 Husbandry
32:06 Bloodlines
34:08 Scale Barding Armor
34:13 Forging
37:23 Imperial Age
35:33 Wheelbarrow
37:00 Cavalier
38:39 Savar
42:48 Chain Barding Armor
43:04 Iron Casting
45:31 Chemistry
45:54 Conscription
47:48 Plate Barding Armor
49:49 Light Cavalry
52:38 Hussar
zack
11:25 Feudal Age
12:13 Double-Bit Axe
14:10 Loom
17:36 Castle Age
17:18 Scale Barding Armor
17:15 Horse Collar
19:21 Forging
19:39 Bloodlines
23:35 Heavy Plow
26:38 Iron Casting
28:57 Chain Barding Armor
32:32 Wheelbarrow
32:21 Gold Mining
39:42 Imperial Age
38:12 Hand Cart
37:43 Town Watch
38:04 Husbandry
38:18 Bow Saw
41:09 Plate Barding Armor
40:57 Conscription
41:21 Elite Monaspa
46:55 Caravan
48:14 Blast Furnace
Connection lost

Rejoining the realm…

Still unreachable

The connection could not be restored.

Session expired

The server has moved on; the page needs a fresh start.